 Dungeon Crawl Stone Soup version 0.31.0-9-g3a7656b989 (webtiles) character file.

Game seed: 3639190436613555061

1835 qw the Nimble (level 8, -10/40 HPs)
             Began as a Spriggan Hunter on Feb 2, 2024.
             Was a Believer of Okawaru.
             Killed by divine providence
             ... invoked by an orc priest
              (14 damage)
             ... on level 7 of the Dungeon.
             The game lasted 00:00:24 (4753 turns).

qw the Nimble (Spriggan Hunter)                     Turns: 4753, Time: 00:00:24

Health: -10/40     AC:  4    Str: 13    XL:     8   Next: 87%
Magic:  12/12      EV: 31    Int:  9    God:    Okawaru [**....]
Gold:   246        SH:  5    Dex: 31    Spells: 7/7 levels left

rFire   . . .        b - +0 orcbow
rCold   . . .        (shield currently unavailable)
rNeg    . . .        c - +0 robe
rPois   .            (helmet restricted)
rElec   +            k - +1 cloak
rCorr   .            (gloves unavailable)
SInv    +            (boots unavailable)
Will    .....        i - amulet of reflection
Stlth   +++          q - +6 ring of dexterity
HPRegen 0.26/turn    g - ring of Otza {rElec Will- Str+6 Int-2 Dex+5}
MPRegen 0.13/turn

%: reflection
@: about to teleport, very quick
A: very small, no large weapons, unfitting armour, see invisible, speed 3
a: Renounce Religion, Heroism


You were on level 7 of the Dungeon.
You worshipped Okawaru.
Okawaru was pleased with you.
You visited 2 branches of the dungeon, and saw 8 of its levels.

You collected 329 gold pieces.
You spent 83 gold pieces at shops.


Innate Abilities, Weirdness & Mutations

You are very small and have problems with some larger weapons.
You are too small for most types of armour.
You have supernaturally acute eyesight. (SInv)
You cover ground extremely quickly. (Speed+++)


   Skills:
 - Level 3.0 Fighting
 + Level 8.1 Ranged Weapons
 - Level 10.1 Dodging
 - Level 1.5 Stealth
 - Level 4.0 Invocations


You had 7 spell levels left.
You didn't know any spells.
Your spell library was empty.

Inventory:

Hand Weapons
 b - a +0 orcbow (weapon)
Armour
 c - a +0 robe (worn)
 k - a +1 cloak (worn)
Jewellery
 g - the ring of Otza (right hand) {rElec Will- Str+6 Int-2 Dex+5}
   (You found it on level 4 of the Dungeon)

   [ring of strength]

   Str+6:     It affects your strength (+6).
   Int-2:     It affects your intelligence (-2).
   Dex+5:     It affects your dexterity (+5).
   rElec:     It insulates you from electricity.
   Will-:     It decreases your willpower.
 i - an amulet of reflection (around neck)
 q - a +6 ring of dexterity (left hand)
Wands
 d - a wand of mindburst (5)
 j - a wand of flame (18)
Potions
 a - a potion of resistance
 e - 2 potions of heal wounds
 f - 2 potions of haste
 l - a potion of enlightenment
 m - 3 potions of curing
 n - a potion of mutation {unknown}

Dungeon Overview and Level Annotations

Branches:
Dungeon (7/15)             Temple (1/1) D:5

Altars:
Ashenzari
Cheibriados
Dithmenos
Elyvilon
Fedhas
Gozag
Hepliaklqana
Kikubaaqudgha
Makhleb
Nemelex Xobeh
Okawaru
Qazlal
Ru
Sif Muna
Uskayaw
Vehumet
Wu Jian
Xom
Yredelemnul
Zin

Shops:
D:2 *

Annotations:
D:3 2 transporters, qw's ghost, amateur SpHu


Message History

An orc priest is nearby!
4731 ||| FLEEEEING.
4732 ||| FLEEEEING.
You see here 6 stones.
You start resting.
An orc priest is nearby!
4734 ||| FLEEEEING.
4735 ||| FLEEEEING.
You start resting.
An orc priest is nearby!
4738 ||| FLEEEEING.
4739 ||| FLEEEEING.
4740 ||| FLEEEEING.
4741 ||| FLEEEEING.
4742 ||| FLEEEEING.
You start resting.
An orc priest is nearby!
You shoot an arrow. The arrow barely misses the orc priest.
You start resting.
An orc priest is nearby!
You shoot an arrow. The arrow hits the orc priest.
The orc priest is lightly wounded.
You shoot an arrow.
The arrow completely misses the orc priest.
You shoot an arrow.
The arrow closely misses the orc priest.
You shoot an arrow.
The arrow closely misses the orc priest.
The orc priest invokes the aid of Beogh against you.
Beogh smites you! You block the orc priest's attack.
You shoot an arrow. The arrow hits the orc priest.
The orc priest is moderately wounded.
The orc priest invokes the aid of Beogh against you.
Beogh smites you!
4753 ||| READING scroll of teleportation.
As you read the scroll of teleportation, it crumbles to dust.
You feel strangely unstable.
The orc priest mumbles some strange prayers to Beogh against you.
Beogh smites you!
You die...

#..# ####.#.# ###..# #.#.#
#|...########.#.# #######
#.#....(......#.# #####.....####
#.#.....o.....#.#
.>...........###.#....####..))...
#.#....#####................o..>.
##...#...#.###o#.#######.......
#....'.8.+.###@#... ........
#..#.#...#..##.##### ##.......
#....#####..##... ........
#...#............## #######.#
######...........# ##...........#
#............# #####............#
#.........!#...###


You could see an orc priest.

Vanquished Creatures
  An orc warrior (D:7)
  3 sky beasts
  A black bear (D:6)
  An ogre (D:5)
  3 centaurs
  A kobold brigand (D:6)
  Blork the orc (D:5)
  3 scorpions
  5 killer bees (D:7)
  2 bombardier beetles (D:5)
  2 jellies
  An orc priest (D:6)
  3 hounds
  A sleepcap (D:6)
  2 orc wizards
  4 gnolls (D:5)
  5 adders
  4 ufetubi
  4 dart slugs
  A ribbon worm (D:4)
  14 orcs
  6 ball pythons
  4 bats
  9 endoplasms
  3 giant cockroaches
  6 goblins
  4 hobgoblins
  11 kobolds
  5 quokkas
  3 frilled lizards
  4 rats
117 creatures vanquished.

Notes
Turn   | Place    | Note
-------+----------+-------------------------------------------
     0 | D:1      | qw the Spriggan Hunter began the quest for the Orb.
     0 | D:1      | Reached XP level 1. HP: 10/10 MP: 2/2
     0 | D:1      | 0 ||| qw: Version: 0.3-a-155-g5e7d8dd
     0 | D:1      | 0 ||| qw: Game counter: 2176
     0 | D:1      | 0 ||| qw: Melee chars always use a shield: true
     0 | D:1      | 0 ||| qw: God list: Okawaru
     0 | D:1      | 0 ||| qw: Allow faded altars: false
     0 | D:1      | 0 ||| qw: Do Orc after clearing Dungeon:15 true
     0 | D:1      | 0 ||| qw: Do second Lair branch before Depths: true
     0 | D:1      | 0 ||| qw: Lair rune preference: random
     0 | D:1      | 0 ||| qw: Goals: Normal
     0 | D:1      | 0 ||| PLANNING D:1-11
    83 | D:1      | Reached skill level 3 in Dodging
   192 | D:1      | Reached XP level 2. HP: 14/14 MP: 3/3
   263 | D:1      | Reached skill level 4 in Dodging
   741 | D:1      | 741 ||| UPGRADING to +0 cloak.
   746 | D:1      | 746 ||| UPGRADING to ring of protection from cold.
   747 | D:1      | 747 ||| READING scroll labelled LUATWA HUWNURE.
   748 | D:1      | 748 ||| READING scroll labelled VEALOE VOXEGIL.
   749 | D:1      | 749 ||| READING scroll labelled ZOAXA RECSITRUYT.
   752 | D:1      | 752 ||| DROPPING scroll of butterflies.
   932 | D:2      | Reached XP level 3. HP: 18/18 MP: 4/4
  1136 | D:2      | Found Wusaq's Assorted Antiques.
  1150 | D:2      | 1150 ||| BUYING lumpy purple potion (15 gold).
  1150 | D:2      | Bought a lumpy purple potion for 15 gold pieces
  1150 | D:2      | 1150 ||| BUYING scroll labelled BUPSAO YHOR (17 gold).
  1150 | D:2      | Bought a scroll labelled BUPSAO YHOR for 17 gold pieces
  1150 | D:2      | 1150 ||| BUYING scroll of teleportation (51 gold).
  1150 | D:2      | Bought a scroll of teleportation for 51 gold pieces
  1515 | D:2      | 1515 ||| READING scroll labelled AZABLE APITIC.
  1515 | D:2      | 1515 ||| BRANDING +0 shortbow.
  1516 | D:2      | 1516 ||| READING scroll labelled TOZA MOM USEPT.
  1617 | D:2      | 1617 ||| READING scroll labelled CITIXOTHUHIT.
  1617 | D:2      | 1617 ||| ENCHANTING +0 cloak.
  1618 | D:2      | 1618 ||| READING 2 scrolls labelled BUPSAO YHOR.
  1618 | D:2      | 1618 ||| IDENTIFYING sapphire potion
  1619 | D:2      | 1619 ||| READING scroll of identify.
  1619 | D:2      | 1619 ||| IDENTIFYING clear potion
  1620 | D:2      | 1620 ||| READING scroll labelled YREYXTI IPTUMU.
  1621 | D:2      | 1621 ||| DRINKING 2 lumpy purple potions.
  1622 | D:2      | 1622 ||| DROPPING potion of brilliance.
  1681 | D:3      | Found a transporter.
  1682 | D:3      | Noticed qw's ghost (amateur SpHu)
  1685 | D:3      | Noticed a steam dragon
  1692 | D:3      | Found a transporter.
  1978 | D:3      | Reached XP level 4. HP: 22/22 MP: 5/5
  2074 | D:3      | Reached skill level 5 in Dodging
  2076 | D:3      | 2076 ||| FLEEEEING.
  2077 | D:3      | 2077 ||| FLEEEEING.
  2080 | D:3      | 2080 ||| FLEEEEING.
  2081 | D:3      | 2081 ||| FLEEEEING.
  2082 | D:3      | 2082 ||| FLEEEEING.
  2083 | D:3      | 2083 ||| FLEEEEING.
  2084 | D:3      | 2084 ||| FLEEEEING.
  2085 | D:3      | 2085 ||| FLEEEEING.
  2086 | D:3      | 2086 ||| FLEEEEING.
  2087 | D:3      | 2087 ||| FLEEEEING.
  2088 | D:3      | 2088 ||| FLEEEEING.
  2089 | D:3      | 2089 ||| FLEEEEING.
  2095 | D:3      | 2095 ||| FLEEEEING.
  2096 | D:3      | 2096 ||| FLEEEEING.
  2097 | D:3      | 2097 ||| FLEEEEING.
  2098 | D:3      | 2098 ||| FLEEEEING.
  2099 | D:3      | 2099 ||| FLEEEEING.
  2100 | D:3      | 2100 ||| FLEEEEING.
  2101 | D:3      | 2101 ||| FLEEEEING.
  2102 | D:3      | 2102 ||| FLEEEEING.
  2104 | D:3      | 2104 ||| FLEEEEING.
  2105 | D:3      | 2105 ||| FLEEEEING.
  2106 | D:3      | 2106 ||| FLEEEEING.
  2107 | D:3      | 2107 ||| FLEEEEING.
  2108 | D:3      | 2108 ||| FLEEEEING.
  2109 | D:3      | 2109 ||| FLEEEEING.
  2110 | D:3      | 2110 ||| FLEEEEING.
  2111 | D:3      | 2111 ||| FLEEEEING.
  2112 | D:3      | 2112 ||| FLEEEEING.
  2113 | D:3      | 2113 ||| FLEEEEING.
  2116 | D:3      | 2116 ||| FLEEEEING.
  2117 | D:3      | 2117 ||| FLEEEEING.
  2118 | D:3      | 2118 ||| FLEEEEING.
  2119 | D:3      | 2119 ||| FLEEEEING.
  2120 | D:3      | 2120 ||| STAIRDANCE
  2135 | D:2      | 2135 ||| READING scroll of identify.
  2135 | D:2      | 2135 ||| IDENTIFYING bubbling inky potion
  2136 | D:2      | 2136 ||| DRINKING 3 purple potions.
  2137 | D:2      | 2137 ||| DROPPING potion of degeneration.
  2596 | D:4      | Reached XP level 5. HP: 26/26 MP: 6/6
  2674 | D:4      | Identified the ring of Otza {rElec Will- Str+6 Int-2 Dex+5}
  2768 | D:4      | Reached skill level 6 in Ranged Weapons
  3032 | D:4      | Found a shadowy altar of Dithmenos.
  3126 | D:4      | 3126 ||| UPGRADING to amulet of reflection.
  3131 | D:4      | 3131 ||| UPGRADING to ring of Otza {rElec Will- Str+6 Int-2
                  | Dex+5}.
  3132 | D:4      | 3132 ||| UPGRADING to +6 ring of dexterity.
  3134 | D:4      | 3134 ||| DROPPING ring of protection from cold.
  3135 | D:4      | 3135 ||| READING 2 scrolls of identify.
  3135 | D:4      | 3135 ||| IDENTIFYING metallic black potion
  3136 | D:4      | 3136 ||| READING scroll of identify.
  3136 | D:4      | 3136 ||| IDENTIFYING blue potion
  3137 | D:4      | 3137 ||| READING scroll labelled RUALAN HOIGIMEQ.
  3138 | D:4      | 3138 ||| DROPPING potion of attraction.
  3139 | D:4      | 3139 ||| DROPPING potion of berserk rage.
  3147 | D:5      | Entered Level 5 of the Dungeon
  3171 | D:5      | Noticed a centaur
  3172 | D:5      | Reached XP level 6. HP: 30/30 MP: 7/7
  3180 | D:5      | Reached skill level 6 in Dodging
  3182 | D:5      | Reached skill level 7 in Dodging
  3233 | D:5      | 3233 ||| SWAPPING to +0 orcbow.
  3234 | D:5      | 3234 ||| DROPPING +0 shortbow of freezing.
  3346 | D:5      | Reached skill level 8 in Dodging
  3346 | D:5      | Reached XP level 7. HP: 35/35 MP: 8/8
  3360 | D:5      | Found a staircase to the Ecumenical Temple.
  3361 | D:5      | 3361 ||| PLANNING TEMPLE
  3369 | Temple   | Entered the Ecumenical Temple
  3370 | Temple   | 3370 ||| PLANNING OKAWARU WORSHIP
  3386 | Temple   | Became a worshipper of Warmaster Okawaru
  3387 | Temple   | 3387 ||| PLANNING D:1-11
  3804 | D:5      | Noticed Blork the orc
  3814 | D:5      | Killed Blork the orc
  3908 | D:5      | 3908 ||| DRINKING 2 emerald potions.
  3952 | D:6      | Reached skill level 9 in Dodging
  3965 | D:6      | Reached * piety under Okawaru
  3966 | D:6      | Reached XP level 8. HP: 39/39 MP: 9/9
  3969 | D:6      | Reached skill level 1 in Invocations
  4220 | D:6      | Reached skill level 3 in Invocations
  4363 | D:6      | 4363 ||| READING scroll of identify.
  4363 | D:6      | 4363 ||| IDENTIFYING black potion
  4364 | D:6      | 4364 ||| DRINKING 2 metallic brown potions.
  4409 | D:6      | 4409 ||| DROPPING potion of lignification.
  4431 | D:7      | Reached ** piety under Okawaru
  4581 | D:7      | 4581 ||| RETREEEEATING.
  4599 | D:7      | Reached skill level 10 in Dodging
  4725 | D:7      | Reached skill level 3 in Fighting
  4726 | D:7      | 4726 ||| FLEEEEING.
  4727 | D:7      | 4727 ||| FLEEEEING.
  4728 | D:7      | 4728 ||| FLEEEEING.
  4729 | D:7      | 4729 ||| FLEEEEING.
  4731 | D:7      | 4731 ||| FLEEEEING.
  4732 | D:7      | 4732 ||| FLEEEEING.
  4734 | D:7      | 4734 ||| FLEEEEING.
  4735 | D:7      | 4735 ||| FLEEEEING.
  4738 | D:7      | 4738 ||| FLEEEEING.
  4739 | D:7      | 4739 ||| FLEEEEING.
  4740 | D:7      | 4740 ||| FLEEEEING.
  4741 | D:7      | 4741 ||| FLEEEEING.
  4742 | D:7      | 4742 ||| FLEEEEING.
  4752 | D:7      | HP: 4/40 [orc priest/divine providence (11)]
  4753 | D:7      | 4753 ||| READING scroll of teleportation.
  4753 | D:7      | Killed from afar by an orc priest

Levels and vault maps discovered:
D:1:      lightli_arrival_statuegarden, layout_basic
D:2:      layout_basic, serial_shops, nicolae_shop_waterfront
D:3:      layout_loops_ring, gammafunk_ghost_arena, grunt_ministairs_5,
          hangedman_decor_peaks_small, serial_bayou_pond_e
D:4:      layout_basic, lemuel_round_altar, minivault_4
D:5:      layout_basic, minmay_temple_entry_butterflies, uniq_blork_the_orc
D:6:      layout_rooms
D:7:      layout_basic, old_standard_altar, minmay_misc_feat_more_columns,
          minmay_misc_feat_room
Temple:   nicolae_temple_bog_church

Skill      XL: |  1  2  3  4  5  6  7  8 |
---------------+-------------------------+-----
Dodging        | 3 4 5 8 9 10 | 10.1
Ranged Weapons | 5 6 7 8 |  8.1
Fighting       | 2 3 |  3.0
Invocations    | 4 |  4.0
Stealth        | |  1.5

Action                     |  1- 3 |  4- 6 |  7- 9 || total
---------------------------+-------+-------+-------++-------
   Fire: Shortbow          |   102 |    83 |       ||   185
         Orcbow            |       |    25 |   147 ||   172
    Use: Scroll            |     9 |     4 |     2 ||    15
         Potion            |     1 |     1 |     2 ||     4
 Armour: Robe              |     8 |     6 |    14 ||    28
  Dodge: Dodged            |    24 |    35 |    80 ||   139
  Block: Other             |       |     3 |    12 ||    15
         Reflection        |       |     1 |     1 ||     2

Table legend:
 A = Non-vault XP
 B = Vault XP
 C = Vault XP percentage of total XP
 D = Non-vault monster count
 E = Vault monster count
 F = Vault count percentage of total count
                 A         B        C        D         E       F
            +---------+---------+-------+---------+---------+-------
      Total |    2512 |     110 |   4.2 |     114 |       3 |   2.6
            +---------+---------+-------+---------+---------+-------
        D:1 |      22 |       0 |   0.0 |      13 |       0 |   0.0
        D:2 |      37 |       0 |   0.0 |      15 |       0 |   0.0
        D:3 |     109 |      14 |  11.4 |      25 |       2 |   7.4
        D:4 |     187 |       0 |   0.0 |      13 |       0 |   0.0
        D:5 |     726 |      96 |  11.7 |      20 |       1 |   4.8
        D:6 |     840 |       0 |   0.0 |      18 |       0 |   0.0
        D:7 |     591 |       0 |   0.0 |      10 |       0 |   0.0
            +---------+---------+-------+---------+---------+-------
